 Dungeon Crawl Stone Soup version 0.29.1-15-g9cfb28693d (webtiles) character file.

Game seed: 2740386089913494587

17 Alturiack the Stinger (level 2, -3/13 HPs)
             Began as a Spriggan Venom Mage on Apr 11, 2023.
             Killed by nerve-wracking pain
             ... invoked by Jessica
              (4 damage)
             ... on level 2 of the Dungeon.
             The game lasted 00:04:53 (1168 turns).

Alturiack the Stinger (Spriggan Venom Mage)         Turns: 1168, Time: 00:04:54

Health: -3/13      AC:  2    Str:  4    XL:     2   Next: 44%
Magic:  0/7        EV: 17    Int: 16    God:
Gold:   85         SH:  0    Dex: 15    Spells: 6/7 levels left

rFire   + . .      SeeInvis +   e - staff of fire
rCold   . . .      Faith    .   (shield currently unavailable)
rNeg    . . .      Spirit   .   a - +0 robe
rPois   .          Reflect  .   (helmet restricted)
rElec   .          Harm     .   (no cloak)
rCorr   .          Rampage  .   (gloves unavailable)
Will    .....                   (boots unavailable)
Stlth   ++........              (no amulet)
HPRegen 0.04/turn               (no ring)
MPRegen 0.10/turn               (no ring)

@: very quick
A: very small, no large weapons, unfitting armour, see invisible, speed 3
a: no special abilities


You were on level 2 of the Dungeon.
You visited 1 branch of the dungeon, and saw 2 of its levels.

You collected 85 gold pieces.

Inventory:

Armour
 a - a +0 robe (worn)
Magical Staves
 e - a staff of fire (weapon)
Scrolls
 g - a scroll of poison {unknown}
 h - a scroll of noise {unknown}
 i - 3 scrolls of blinking {unknown}
Potions
 b - a potion of magic
 c - 2 potions of brilliance {unknown}
 d - a potion of curing {unknown}
 f - a potion of heal wounds {unknown}


   Skills:
 + Level 3.1 Dodging
 - Level 3.0 Stealth
 + Level 3.0 Spellcasting
 - Level 1.3 Transmutations
 * Level 3.4 Poison Magic


You had 6 spell levels left.
You knew the following spells:

 Your Spells              Type           Power      Damage    Failure   Level
a - Sting                 Tmut/Pois      40%        1d5       7%          1

Your spell library contained the following spells:

 Spells                   Type           Power      Damage    Failure   Level
 Poisonous Vapours        Pois/Air       16%        N/A       14%         2
 Ignite Poison            Fire/Tmut/Pois 11%        N/A       28%         3
 Mephitic Cloud           Conj/Pois/Air  6%         N/A       34%         3
 Olgreb's Toxic Radiance  Pois           13%        N/A       41%         4
 Conjure Flame            Conj/Fire      3%         6-21      50%         3
 Animate Armour           Summ/Erth      4%         N/A       88%         4
 Sticky Flame             Conj/Fire      3%         2d3       88%         4
 Blade Hands              Tmut           3%         N/A       96%         5
 Iron Shot                Conj/Erth      1%         9d1       100%        6


Dungeon Overview and Level Annotations

Branches:
Dungeon (2/15)

Altars:

Annotations:
D:2 Jessica, Robin


Innate Abilities, Weirdness & Mutations

You are very small and have problems with some larger weapons.
You are too small for most types of armour.
You have supernaturally acute eyesight. (SInv)
You cover ground extremely quickly. (Speed+++)


Message History

Press: ? - help, Shift-Dir - straight line, f - goblin
Aim: a goblin, wielding a +0 club (strong, 64% to hit)
The sting hits the goblin.
The goblin is poisoned.
The goblin is almost dead.
You kill the goblin!
The goblin no longer looks unusually strong.
There is an open door here.
Casting: Sting (safe; 7% risk of failure)
Confirm with . or Enter, or press ? or * to list all spells.
Aiming: Sting (safe; 7% risk of failure)
Press: ? - help, Shift-Dir - straight line, f - goblin
Aim: a goblin, wielding a +0 club (64% to hit)
The sting hits the goblin.
The goblin is poisoned.
The goblin is heavily wounded.
You kill the goblin!
Robin roars a battlecry!
The goblin goes into a battle-frenzy!
Casting: Sting (safe; 7% risk of failure)
Confirm with . or Enter, or press ? or * to list all spells.
You don't have enough magic to cast this spell.
Jessica the Apprentice Sorceress comes into view.
She is wielding a +0 dagger.
Jessica shouts!
Casting: Sting (safe; 7% risk of failure)
Confirm with . or Enter, or press ? or * to list all spells.
Aiming: Sting (safe; 7% risk of failure)
Press: ? - help, Shift-Dir - straight line, f - goblin
Aim: a goblin, wielding a +0 club (strong, 64% to hit)
The sting misses the goblin.
Jessica mumbles some strange words.
Jessica seems to speed up.
Jessica points at you and mumbles some strange words.
Pain shoots through your body!
Ouch! That really hurt!
Jessica gestures wildly while chanting.
Jessica blinks!
The goblin hits you with a +0 club.
* * * LOW HITPOINT WARNING * * *
Jessica gestures at you while chanting. Pain shoots through your body!
You die...

##############
#....@.......#
#...@........#####
#.....g......#...#
#............##.##
#......g.....##.#
#......).Z...##.#
#............##.#
#............##.#
#............##.#
#............##.#


You could see Robin, Jessica (fast), a goblin (strong) and a jackal skeleton.

Vanquished Creatures
  2 ball pythons (D:1)
  An endoplasm (D:1)
  6 goblins
  A hobgoblin (D:1)
  A quokka (D:2)
  2 bats (D:1)
  A rat (D:1)
14 creatures vanquished.

Vanquished Creatures (others)
  3 fungi (D:1)
  2 plants (D:1)
5 creatures vanquished.

Grand Total: 19 creatures vanquished

Notes
Turn   | Place    | Note
-------+----------+-------------------------------------------
     0 | D:1      | Alturiack the Spriggan Venom Mage began the quest for the
                  | Orb.
     0 | D:1      | Reached XP level 1. HP: 9/9 MP: 5/5
   355 | D:1      | Reached XP level 2. HP: 13/13 MP: 3/6
   541 | D:1      | Found a faded altar of an unknown god.
  1114 | D:2      | Noticed Robin
  1157 | D:2      | Noticed Jessica
  1168 | D:2      | Killed from afar by Jessica

Illustrated notes

Levels and vault maps discovered:
D:1:      elethiomel_arrival_shortcut, layout_basic, serial_glass,
          glass_columns_a, glass_columns_c, shapermc_ecumenical_altar_ellora,
          minivault_11
D:2:      layout_basic, serial_undead, serial_undead_f, serial_undead_d,
          serial_undead_e, serial_undead_e, kennysheep_small_spiral, uniq_robin,
          uniq_jessica

Skill      XL: |  1  2 |
---------------+-------+-----
Dodging        | 3 |  3.1
Spellcasting   | 3 |  3.0
Stealth        | |  3.0
Transmutations | |  1.3
Poison Magic   | |  3.4

Action                   || total
-------------------------++-------
Melee: Staff             ||    15
 Cast: Sting             ||    28
Armor: Robe              ||     1
